 Dungeon Crawl Stone Soup version 0.29-a0-582-ge82337ba6a (webtiles) character file.

Game seed: 11153622397513336818

485 kae the Firebug (level 6, 0/35 HPs)
             Began as a Deep Elf Fire Elementalist on June 14, 2022.
             Slain by an adder (1 damage)
             ... on level 5 of the Dungeon.
             The game lasted 00:03:06 (5061 turns).

kae the Firebug (Deep Elf Fire Elementalist)        Turns: 5061, Time: 00:03:07

Health: 0/35       AC:  3    Str:  5    XL:     6   Next: 88%
Magic:  7/14       EV: 13    Int: 22    God:
Gold:   1212       SH:  0    Dex: 15    Spells: 1/14 levels left

rFire   + . .      SeeInvis .   l - +4 trident
rCold   x . .      Faith    .   (no shield)
rNeg    + . .      Spirit   .   a - +1 robe
rPois   .          Reflect  .   (no helmet)
rElec   .          Harm     .   (no cloak)
rCorr   .          Rampage  .   (no gloves)
Will    .....                   (no boots)
Stlth   ++........              (no amulet)
HPRegen 0.11/turn               i - ring of fire
MPRegen 0.14/turn               g - ring of positive energy

@: no status effects
A: no striking features
a: no special abilities


You were on level 5 of the Dungeon.
You visited 1 branch of the dungeon, and saw 5 of its levels.
You also visited: Sewer.

You collected 1212 gold pieces.

Inventory:

Hand Weapons
 l - a +4 trident (weapon)
Armour
 a - a +1 robe (worn)
Jewellery
 g - a ring of positive energy (right hand)
 i - a ring of fire (left hand)
 r - an amulet of reflection
Scrolls
 f - 2 scrolls of teleportation
 j - 2 scrolls of enchant armour
 p - a scroll of identify
Potions
 b - 2 potions of magic
 c - 2 potions of berserk rage
 d - a potion of brilliance
 e - 3 potions of heal wounds
 h - a potion of degeneration
 k - 2 potions of curing
 m - 2 potions of might
 n - 2 potions of flight {unknown}
 o - a potion of mutation {unknown}
 q - a potion of lignification {unknown}


   Skills:
 + Level 1.8 Fighting
 + Level 4.0 Dodging
 - Level 2.4 Stealth
 + Level 4.6 Spellcasting
 * Level 4.2 Conjurations
 * Level 5.4 Fire Magic


You had one spell level left.
You knew the following spells:

 Your Spells              Type           Power      Damage    Failure   Level
a - Foxfire               Conj/Fire      100%       2x1d9     1%          1
b - Scorch                Fire           86%        2d9       1%          2
c - Conjure Flame         Conj/Fire      39%        6-21      4%          3
d - Inner Flame           Hex/Fire       25%        N/A       11%         3
e - Flame Wave            Conj/Fire      39%        2d9       14%         4

Your spell library contained the following spells:

 Spells                   Type           Power      Damage    Failure   Level
 Necrotize                Necr           20%        1d5       11%         1
 Call Canine Familiar     Summ           5%         N/A       32%         3
 Portal Projectile        Hex/Tloc       10%        N/A       32%         3
 Tukima's Dance           Hex            5%         N/A       32%         3
 Vampiric Draining        Necr           5%         2d6       32%         3
 Leda's Liquefaction      Hex/Erth       2%         N/A       71%         4
 Passage of Golubria      Tloc           5%         N/A       71%         4
 Agony                    Necr           5%         N/A       96%         5
 Yara's Violent Unravell  Hex/Tmut       2%         3d3       96%         5


Dungeon Overview and Level Annotations

Branches:
Dungeon (5/15)              Sewer (visited)
 Temple: D:4-7

Altars:
Elyvilon
Hepliaklqana
Zin
The Shining One

Annotations:
D:5 Edmund


Message History

Eustachio is almost dead.
The bat is engulfed in blazing flames.
You kill the bat!
The bat's corpse disappears in a puff of smoke!
Eustachio mumbles some strange words.
Unknown command.
Casting: Foxfire (safe; 1% risk of failure)
Confirm with . or Enter, or press ? or * to list all spells.
You feel a surge of power!
You conjure some foxfire!
The foxfire hits the ufetubus.
The ufetubus is burned terribly!
The ufetubus is heavily wounded.
The quokka misses you. Eustachio hits you with a +0 rapier.
The foxfire hits the ufetubus!
The ufetubus is burned terribly!
You kill the ufetubus!
The ufetubus disappears in a puff of smoke!
The quokka bites you. The ufetubus hits you. x2
Eustachio gestures wildly while chanting.
Unknown command.
You closely miss Eustachio.
Eustachio is almost dead.
The ufetubus disappears in a puff of smoke!
The quokka twitches its whiskers.
The quokka closely misses you. The quasit bites you.
The quasit claws you but does no damage.
The quasit closely misses you. Edmund barely misses you. Eustachio misses you.
The quokka misses you.
Unknown command.
You puncture Eustachio!
The shadow imp disappears in a puff of smoke!
The quokka disappears in a puff of smoke!
The iron imp disappears in a puff of smoke!
The quasit disappears in a puff of smoke!
Eustachio explodes!
The fiery explosion engulfs Edmund!!
Edmund is heavily wounded.
The fiery explosion engulfs you! You resist.
You are engulfed in blazing flames.
You resist.
* * * LOW HITPOINT WARNING * * *
The adder bites you.
You die...

...........#.........
........................
........####............
......## #............
......# #...###.....#
....(.. #..## #.....#
.......## #..# ##.....#
......S§####.####......#
.....§§@.##...##........
.....§§@§.....#.........
......§§......#..#......
.......§........####....
..........###..## ##....
..........# #..# #.....
........... ..# #.....
............ ..##.....#
........... .......##


You could see Edmund and an adder.

Vanquished Creatures
  Grinder (D:3)
  Eustachio (D:5)
  3 iguanas
  2 orc wizards (D:3)
  A hell rat (Sewer)
  7 adders
  A river rat (Sewer)
  4 worms (D:2)
  3 dart slugs
  3 orcs
  2 endoplasms (D:2)
  3 goblins
  6 hobgoblins
  3 kobolds (D:3)
  10 quokkas
  4 ball pythons
  4 bats
  3 frilled lizards
  8 rats
69 creatures vanquished.

Vanquished Creatures (others)
  192 foxfires
192 creatures vanquished.

Grand Total: 261 creatures vanquished

Notes
Turn   | Place    | Note
-------+----------+-------------------------------------------
     0 | D:1      | kae the Deep Elf Fire Elementalist began the quest for the
                  | Orb.
     0 | D:1      | Reached XP level 1. HP: 10/10 MP: 6/6
   871 | D:1      | Reached XP level 2. HP: 15/15 MP: 5/8
   874 | D:1      | Learned a level 2 spell: Scorch
  1406 | D:2      | Reached XP level 3. HP: 20/20 MP: 4/9
  2001 | D:2      | You fall into a shaft and drop 1 floor!
  2010 | D:3      | Reached skill level 4 in Fire Magic
  2349 | D:3      | Reached XP level 4. HP: 24/24 MP: 9/11
  2355 | D:3      | Found a faded altar of an unknown god.
  2391 | D:3      | Found a glowing drain.
  2420 | Sewer    | Entered a sewer
  2536 | Sewer    | Reached skill level 1 in Fighting
  2850 | D:3      | Reached XP level 5. HP: 29/29 MP: 8/12
  3172 | D:3      | Noticed Grinder
  3390 | D:3      | Learned a level 3 spell: Conjure Flame
  3394 | D:3      | Learned a level 3 spell: Inner Flame
  3729 | D:3      | Killed Grinder
  3730 | D:3      | Reached skill level 5 in Fire Magic
  3730 | D:3      | Reached XP level 6. HP: 35/35 MP: 8/14
  4151 | D:4      | Found a hazy altar of Hepliaklqana.
  4244 | D:4      | Found a glowing silver altar of Zin.
  4244 | D:4      | Found a white marble altar of Elyvilon.
  4244 | D:4      | Found a glowing golden altar of the Shining One.
  4756 | D:4      | Identified a scroll of acquirement
  4756 | D:4      | Acquired 991 gold pieces
  4795 | D:5      | Entered Level 5 of the Dungeon
  4922 | D:5      | Learned a level 4 spell: Flame Wave
  5048 | D:5      | Noticed Eustachio
  5051 | D:5      | Noticed Edmund
  5061 | D:5      | Killed Eustachio
  5061 | D:5      | HP: 1/35 [cloud of flame (16)]
  5061 | D:5      | Slain by an adder

Illustrated notes

Levels and vault maps discovered:
D:1:      lemuel_arrival_hallway, layout_basic, kennysheep_another_room,
          minivault_24, wad_floor_pattern_2
D:2:      layout_basic
D:3:      layout_loops_corners, portal_sewer_entry_f,
          ebering_ecumenical_altar_mist, uniq_grinder
D:4:      layout_loops_ring, good_gods_mini_temple, nzn_hepliaklqana_mist_gate
D:5:      layout_layer_cave, serial_shops, shop, uniq_eustachio, uniq_edmund

Skill      XL: |  1  2  3  4  5  6 |
---------------+-------------------+-----
Conjurations   | 2 3 4 |  4.2
Dodging        | 3 4 |  4.0
Fire Magic     | 4 5 |  5.4
Fighting       | 1 |  1.8
Spellcasting   | 4 |  4.6
Stealth        | |  2.4

Action                   |  1- 3 |  4- 6 || total
-------------------------+-------+-------++-------
Melee: Unarmed           |     8 |     1 ||     9
       Trident           |       |     2 ||     2
 Cast: Foxfire           |    47 |    68 ||   115
       Scorch            |    15 |    11 ||    26
       Inner Flame       |       |     1 ||     1
  Use: Scroll            |       |    14 ||    14
       Potion            |       |     1 ||     1
Armor: Robe              |     6 |     5 ||    11
Dodge: Dodged            |    12 |    18 ||    30

Table legend: (Time is in decaauts)
 A = Elapsed time spent in this place.
 B = Non-inter-level travel time spent in this place.
 C = Inter-level travel time spent in this place.
 D = Time resting spent in this place.
 E = Time spent auto-exploring this place.
 F = Levels seen in this place.
 G = Mean time per level.
                   A        B        C        D        E       F      G
               +--------+--------+--------+--------+--------+-----+--------+
         Total |   5073 |   4907 |    166 |    174 |   4215 |   6 |  845.5 |
       Dungeon |   4881 |   4715 |    166 |    132 |   4112 |   5 |  976.2 |
         Sewer |    192 |    192 |      0 |     42 |    102 |   1 |  192.0 |
               +--------+--------+--------+--------+--------+-----+--------+

Top non-repeatable levels by time:
     D:3: 1701 daAuts
     D:1: 1152 daAuts
     D:4: 912 daAuts
     D:2: 848 daAuts
     D:5: 266 daAuts
   Sewer: 192 daAuts
